BSA
NEW ORLEANS LOOTERS @ ORLANDO CALRISSIAN
09/27/2027
 
TOP OF THE 1ST
New Orleans Looters batting - Pitching for Orlando Calrissian : LHP Mark Collins
Pitching: LHP Mark Collins
Batting: SHB Arturo Sánchez 0-0: Called Strike
0-1: Swinging Strike
0-2: Ball
1-2: Strikes out swinging
Batting: RHB Dave O'Loan 0-0: Ball
1-0: Ground out 6-3 (Groundball, 6M)
Batting: RHB Stephen Shaw 0-0: Ball
1-0: Ball
2-0: Foul Ball, location: 2F
2-1: Swinging Strike
2-2: Foul Ball, location: 2F
2-2: Strikes out swinging
Top of the 1st over - 0 run(s), 0 hit(s), 0 error(s), 0 left on base; New Orleans 0 - Orlando 0
BOTTOM OF THE 1ST
Orlando Calrissian batting - Pitching for New Orleans Looters : RHP Gennarino Lucchetti
Pitching: RHP Gennarino Lucchetti
Batting: RHB Júlio Negrón 0-0: SOLO HOME RUN (Flyball, 7D), Distance : 396 ft
Batting: LHB Santiago Márquez 0-0: Ball
1-0: Ground out 4-3 (Groundball, 4M)
Batting: RHB Rich Anderson 0-0: SINGLE (Groundball, 56D)
Batting: SHB Tim Abbott 0-0: Called Strike
0-1: Ball
1-1: Ball
2-1: Grounds into double play, 4-6-3 (Groundball, 4)
Bottom of the 1st over - 1 run(s), 2 hit(s), 0 error(s), 0 left on base; New Orleans 0 - Orlando 1
TOP OF THE 2ND
New Orleans Looters batting - Pitching for Orlando Calrissian : LHP Mark Collins
Batting: SHB Nate Rhodes 0-0: Ball
1-0: SINGLE (Line Drive, 89S)
Batting: RHB Francisco Ibarra 0-0: Ball
1-0: Called Strike
1-1: Ball
2-1: Fielders Choice at 2nd, 4-6 (Groundball, 4M)
Batting: LHB Taylor Smith 0-0: Ball
Francisco Ibarra is caught stealing 2nd base
1-0: Ball
2-0: Foul Ball, location: 2F
2-1: Swinging Strike
2-2: Strikes out swinging
Top of the 2nd over - 0 run(s), 1 hit(s), 0 error(s), 0 left on base; New Orleans 0 - Orlando 1
BOTTOM OF THE 2ND
Orlando Calrissian batting - Pitching for New Orleans Looters : RHP Gennarino Lucchetti
Batting: RHB Raúl Canó 0-0: Ball
1-0: Called Strike
1-1: Foul Ball, location: 2F
1-2: Ball
2-2: Foul Ball, location: 2F
2-2: SOLO HOME RUN (Flyball, 7D), Distance : 392 ft
Batting: RHB Frederico Hernández 0-0: Ball
1-0: Bunt missed!
1-1: Ball
2-1: Foul Ball, location: 2F
2-2: Ball
3-2: Foul Ball, location: 2F
3-2: Strikes out swinging
Batting: RHB Pepe González 0-0: SINGLE (Line Drive, 7S)
Batting: RHB José Pérez 0-0: Ball
Wild Pitch!
Pepe González to second
1-0: Called Strike
1-1: Ball
2-1: Ground out 5-3 (Groundball, 56)
Batting: SHB Brian Price 0-0: Called Strike
Balk!
Pepe González to third
0-1: Ball
1-1: Ground out 4-3 (Groundball, 34)
Bottom of the 2nd over - 1 run(s), 2 hit(s), 0 error(s), 1 left on base; New Orleans 0 - Orlando 2
TOP OF THE 3RD
New Orleans Looters batting - Pitching for Orlando Calrissian : LHP Mark Collins
Batting: RHB Rubén Vázquez 0-0: Called Strike
0-1: Swinging Strike
0-2: Strikes out swinging
Batting: RHB John Anderson 0-0: SINGLE (Groundball, 4MD)
Batting: LHB Miguel Colón 0-0: SINGLE (Line Drive, 34)
John Anderson to second
Batting: SHB Arturo Sánchez 0-0: SINGLE (Flyball, 89S)
John Anderson to third
Miguel Colón to second
Batting: RHB Dave O'Loan 0-0: Foul Ball, location: 2F
0-1: Grounds into double play, 4-6-3 (Groundball, 4)
Top of the 3rd over - 0 run(s), 3 hit(s), 0 error(s), 2 left on base; New Orleans 0 - Orlando 2
BOTTOM OF THE 3RD
Orlando Calrissian batting - Pitching for New Orleans Looters : RHP Gennarino Lucchetti
Batting: RHB Júlio Negrón 0-0: Called Strike
0-1: Ball
1-1: Ground out 4-3 (Groundball, 4)
Batting: LHB Santiago Márquez 0-0: Called Strike
0-1: Ball
1-1: Fly out, F8 (Flyball, 8LM)
Batting: RHB Rich Anderson 0-0: Called Strike
0-1: DOUBLE (Line Drive, 7LM)
Batting: SHB Tim Abbott 0-0: Foul Ball, location: 2F
0-1: SINGLE (Groundball, 4MD)
Rich Anderson to third
Runner from 3rd tries for Home, SAFE, no throw
Batting: RHB Raúl Canó 0-0: Ball
1-0: Swinging Strike
1-1: Swinging Strike
1-2: Strikes out looking
Bottom of the 3rd over - 1 run(s), 2 hit(s), 0 error(s), 1 left on base; New Orleans 0 - Orlando 3
TOP OF THE 4TH
New Orleans Looters batting - Pitching for Orlando Calrissian : LHP Mark Collins
Batting: RHB Stephen Shaw 0-0: Ball
1-0: Called Strike
1-1: Foul Ball, location: 2F
1-2: Ball
2-2: SINGLE (Line Drive, 6MD)
Batting: SHB Nate Rhodes 0-0: Ball
1-0: Ball
2-0: Ball
3-0: Base on Balls
Stephen Shaw to second
Batting: RHB Francisco Ibarra 0-0: Ball
1-0: Foul Ball, location: 2F
1-1: Foul Ball, location: 2F
1-2: SINGLE (Groundball, 34D)
Stephen Shaw to third
Nate Rhodes to second
Batting: LHB Taylor Smith 0-0: Ball
1-0: Fly out, F7 (Flyball, 7S)
Batting: RHB Rubén Vázquez 0-0: Called Strike
0-1: Ball
1-1: Foul Ball, location: 2F
1-2: Strikes out looking
Batting: RHB John Anderson 0-0: Called Strike
0-1: Ball
Wild Pitch!
Stephen Shaw scores
Nate Rhodes to third
Francisco Ibarra to second
1-1: Foul Ball, location: 2F
1-2: Ball
2-2: Ball
3-2: Foul Ball, location: 2F
3-2: Foul Ball, location: 2F
3-2: Foul Ball, location: 2F
3-2: Ground out 1-3 (Groundball, 15S)
Top of the 4th over - 1 run(s), 2 hit(s), 0 error(s), 2 left on base; New Orleans 1 - Orlando 3
BOTTOM OF THE 4TH
Orlando Calrissian batting - Pitching for New Orleans Looters : RHP Gennarino Lucchetti
Batting: RHB Frederico Hernández 0-0: Ground out 3-1 (Groundball, 34)
Batting: RHB Pepe González 0-0: Ball
1-0: Called Strike
1-1: Foul Ball, location: 2F
1-2: Ball
2-2: Ground out 5-3 (Groundball, 5)
Batting: RHB José Pérez 0-0: Called Strike
0-1: Ball
1-1: Foul Ball, location: 2F
1-2: Foul Ball, location: 2F
1-2: Foul Ball, location: 2F
1-2: Strikes out swinging
Bottom of the 4th over - 0 run(s), 0 hit(s), 0 error(s), 0 left on base; New Orleans 1 - Orlando 3
TOP OF THE 5TH
New Orleans Looters batting - Pitching for Orlando Calrissian : LHP Mark Collins
Batting: LHB Miguel Colón 0-0: Foul Ball, location: 2F
0-1: Ball
1-1: Fly out, F7 (Flyball, 78M)
Batting: SHB Arturo Sánchez 0-0: Fly out, F8 (Flyball, 89D)
Batting: RHB Dave O'Loan 0-0: Called Strike
0-1: Foul Ball, location: 2F
0-2: Ball
1-2: Ball
2-2: Foul Ball, location: 2F
2-2: Ball
3-2: Strikes out swinging
Top of the 5th over - 0 run(s), 0 hit(s), 0 error(s), 0 left on base; New Orleans 1 - Orlando 3
BOTTOM OF THE 5TH
Orlando Calrissian batting - Pitching for New Orleans Looters : RHP Gennarino Lucchetti
Batting: SHB Brian Price 0-0: Called Strike
0-1: Ball
1-1: Ball
2-1: Swinging Strike
2-2: Foul Ball, location: 2F
2-2: Ground out 3-1 (Groundball, 34)
Batting: RHB Júlio Negrón 0-0: Swinging Strike
0-1: Foul Ball, location: 2F
0-2: Ball
1-2: Strikes out swinging
Batting: LHB Santiago Márquez 0-0: Called Strike
0-1: Ball
1-1: DOUBLE (Flyball, 8LXD)
Batting: RHB Rich Anderson 0-0: Ball
1-0: Foul Ball, location: 2F
1-1: Swinging Strike
1-2: Foul Ball, location: 2F
1-2: Ball
2-2: Foul Ball, location: 2F
2-2: DOUBLE (Line Drive, 78D)
Santiago Márquez scores
Batting: SHB Tim Abbott 0-0: Called Strike
0-1: Foul Ball, location: 2F
0-2: Ball
1-2: Ground out 5-3 (Groundball, 56)
Bottom of the 5th over - 1 run(s), 2 hit(s), 0 error(s), 1 left on base; New Orleans 1 - Orlando 4
TOP OF THE 6TH
New Orleans Looters batting - Pitching for Orlando Calrissian : LHP Mark Collins
Batting: RHB Stephen Shaw 0-0: Ball
1-0: Called Strike
1-1: Ball
2-1: Fly out, F9 (Flyball, 9D)
Batting: SHB Nate Rhodes 0-0: Foul Ball, location: 2F
0-1: Swinging Strike
0-2: Fly out, F4 (Popup, 34)
Batting: RHB Francisco Ibarra 0-0: Ball
1-0: Called Strike
1-1: Fly out, F4 (Line Drive, 4)
Top of the 6th over - 0 run(s), 0 hit(s), 0 error(s), 0 left on base; New Orleans 1 - Orlando 4
BOTTOM OF THE 6TH
Orlando Calrissian batting - Pitching for New Orleans Looters : RHP Gennarino Lucchetti
Batting: RHB Raúl Canó 0-0: Ground out 5-3 (Groundball, 5)
Batting: RHB Frederico Hernández 0-0: Called Strike
0-1: Ground out 5-3 (Groundball, 56S)
Batting: RHB Pepe González 0-0: Fly out, F9 (Flyball, 89M)
Bottom of the 6th over - 0 run(s), 0 hit(s), 0 error(s), 0 left on base; New Orleans 1 - Orlando 4
TOP OF THE 7TH
New Orleans Looters batting - Pitching for Orlando Calrissian : LHP Mark Collins
Batting: LHB Taylor Smith 0-0: Ball
1-0: Ground out 4-3 (Groundball, 4)
Batting: RHB Rubén Vázquez 0-0: Called Strike
0-1: Foul Ball, location: 2F
0-2: SINGLE (Groundball, 56D)
Batting: RHB John Anderson 0-0: Ball
1-0: Ball
2-0: Called Strike
2-1: Grounds into double play, 4-6-3 (Groundball, 4)
Top of the 7th over - 0 run(s), 1 hit(s), 0 error(s), 0 left on base; New Orleans 1 - Orlando 4
BOTTOM OF THE 7TH
Orlando Calrissian batting - Pitching for New Orleans Looters : RHP Gennarino Lucchetti
Batting: RHB José Pérez 0-0: Called Strike
0-1: Ball
1-1: Ground out 5-3 (Groundball, 5S)
Batting: SHB Brian Price 0-0: Called Strike
0-1: Called Strike
0-2: Ball
1-2: Ground out 3-1 (Groundball, 34S)
Batting: RHB Júlio Negrón 0-0: Ball
1-0: Foul Ball, location: 2F
1-1: Called Strike
1-2: Ball
2-2: Foul Ball, location: 2F
2-2: Ground out 5-3 (Groundball, 56S)
Bottom of the 7th over - 0 run(s), 0 hit(s), 0 error(s), 0 left on base; New Orleans 1 - Orlando 4
TOP OF THE 8TH
New Orleans Looters batting - Pitching for Orlando Calrissian : LHP Mark Collins
Batting: LHB Miguel Colón 0-0: Ball
1-0: Fly out, F5 (Popup, 5S)
Batting: SHB Arturo Sánchez 0-0: Ground out 6-3 (Groundball, 6)
Batting: RHB Dave O'Loan 0-0: Swinging Strike
0-1: Foul Ball, location: 2F
0-2: Ground out 5-3 (Groundball, 56)
Top of the 8th over - 0 run(s), 0 hit(s), 0 error(s), 0 left on base; New Orleans 1 - Orlando 4
BOTTOM OF THE 8TH
Orlando Calrissian batting - Pitching for New Orleans Looters : RHP Gennarino Lucchetti
Pitching: RHP Ienobu Sato
Batting: LHB Santiago Márquez 0-0: SINGLE (Line Drive, 6MD)
Batting: RHB Rich Anderson 0-0: Ball
1-0: Fly out, F8 (Flyball, 8LS)
Batting: SHB Tim Abbott 0-0: Ball
1-0: Swinging Strike
1-1: Called Strike
1-2: Ball
2-2: Strikes out swinging
Batting: RHB Raúl Canó 0-0: Fly out, F8 (Flyball, 8RD)
Bottom of the 8th over - 0 run(s), 1 hit(s), 0 error(s), 1 left on base; New Orleans 1 - Orlando 4
TOP OF THE 9TH
New Orleans Looters batting - Pitching for Orlando Calrissian : LHP Mark Collins
Pitching: LHP Xavier Velázquez
Batting: RHB Stephen Shaw 0-0: Ball
1-0: Ball
2-0: Ball
3-0: Base on Balls
Batting: SHB Nate Rhodes 0-0: Foul Ball, location: 2F
0-1: Foul Ball, location: 2F
0-2: DOUBLE (Groundball, 5L)
Stephen Shaw to third
Batting: RHB Francisco Ibarra 0-0: Ball
1-0: Foul Ball, location: 2F
1-1: Ball
2-1: Fly out, F9 (Flyball, 89M)
Runner from 3rd tags up, SCORES, throw made
Pinch Hitting: RHB Tim Gardner 0-0: Ground out 4-3 (Groundball, 4)
Nate Rhodes to third
Batting: RHB Rubén Vázquez 0-0: Ball
1-0: Fly out, F7 (Line Drive, 7D)
Top of the 9th over - 1 run(s), 1 hit(s), 0 error(s), 1 left on base; New Orleans 2 - Orlando 4
Thursday, March 30th, 2017 - OOTP Baseball 17.12 Build 75